Map: Winter Madness LE

Players

DmitryK

  • Race: Terran Terran
  • League: Platinum
  • Spawn Location: 5:00

Perry - Winner!

  • Race: Terran Terran
  • Spawn Location: 11:00

VOD

Have the link to the VOD?

Description

Time

  • Played on: March 24, 2026, 4:05 p.m.
  • Length: 9:18
Show
View Real Time Build Order
Export as new Build Order

DmitryK Terran 

Build Orders: Liberator Opening 

Get SALT Encoding   

  12  0:05  SCV  
  13  0:17  SCV  
  13  0:20  Supply Depot  
  14  0:29  SCV  
  15  0:42  SCV  
  16  0:43  Barracks  
  16  0:47  Refinery  
  16  0:54  SCV  
  16  0:55  Refinery  
  17  1:06  SCV  
  19  1:18  SCV  
  19  1:30  Barracks Reactor  
  19  1:31  Orbital Command  
  19  1:33  Supply Depot  
  19  1:50  Factory  
  19  1:58  SCV  
  20  2:06  Reaper  
  21  2:13  Reaper  
  21  2:14  SCV  
  23  2:28  Command Center  
  23  2:30  SCV  
  23  2:35  Supply Depot  
  24  2:41  Hellion  
  26  2:50  Starport  
  26  2:52  SCV  
  26  2:55  Marine  
  28  3:05  SCV  
  29  3:10  Factory Tech Lab  
  29  3:13  Marine  
  29  3:17  SCV  
  31  3:29  Viking, SCV  
  34  3:34  Liberator  
  34  3:41  SCV  
  38  3:43  Refinery  
  38  3:44  Refinery  
  38  4:00  SCV  
  38  4:01  Orbital Command  
  41  4:10  Siege Tank  
  41  4:12  SCV  
  41  4:13  Marine  
  43  4:24  SCV  
  43  4:28  Starport  
  43  4:31  Marine, SCV  
  44  4:36  SCV  
  47  4:43  Siege Tank  
  50  4:49  Marine  
  51  5:00  Viking  
  51  5:03  SCV  
  54  5:20  Viking  
  50  5:40  Siege Tank  
  50  5:42  SCV  
  54  6:38  Supply Depot x2  
  54  6:59  Viking  
  54  7:00  SCV x2, Siege Tank, Viking x2  
  62  7:12  SCV x2  
  59  7:24  SCV x2  
  59  7:29  Liberator  
  61  7:36  SCV x2  
  63  7:44  Command Center  
  63  7:46  Factory, Starport Reactor  
  63  7:48  SCV x2  
  65  7:58  Engineering Bay  
  65  8:00  SCV  
  65  8:01  SCV  
  65  8:05  Factory  
  67  8:12  SCV  
  68  8:13  SCV  
  69  8:24  SCV  
  70  8:29  Supply Depot  
  70  8:35  Viking  
  70  8:41  SCV, Siege Tank  
  70  8:46  Viking  
  70  8:47  Viking  
  70  8:48  SCV  
  70  8:52  Factory Tech Lab  
  70  8:53  Factory Reactor, SCV  
  68  8:59  Refinery  
  68  9:00  SCV  
  69  9:03  Refinery  
  69  9:06  SCV  
Show
View Real Time Build Order
Export as new Build Order

Perry Terran - Winner!

Build Orders: Liberator Opening 

Get SALT Encoding   

  12  0:01  SCV  
  13  0:13  SCV  
  14  0:17  Supply Depot  
  14  0:25  SCV  
  15  0:39  SCV  
  15  0:40  Barracks  
  16  0:51  SCV  
  17  1:03  SCV  
  18  1:04  Refinery  
  18  1:15  SCV  
  18  1:17  Refinery  
  19  1:27  Supply Depot  
  19  1:28  SCV  
  20  1:40  SCV  
  20  1:42  Command Center  
  21  1:49  Marine  
  21  1:53  SCV  
  23  2:01  Factory  
  23  2:05  SCV  
  24  2:17  SCV  
  24  2:19  Barracks Reactor  
  25  2:30  Orbital Command  
  25  2:46  Factory Tech Lab  
  25  2:48  Starport  
  25  2:54  Orbital Command  
  25  3:01  Marine x2, Engineering Bay  
  25  3:04  SCV  
  28  3:21  Supply Depot  
  28  3:27  Cyclone  
  28  3:32  Orbital Command, Liberator, Medivac  
  36  3:46  Orbital Command  
  36  4:03  SCV  
  37  4:15  SCV  
  38  4:18  SCV  
  38  4:19  Missile Turret  
  38  4:20  Refinery  
  39  4:27  Barracks Tech Lab  
  39  4:28  SCV  
  39  4:30  SCV  
  41  4:40  SCV  
  41  4:43  SCV  
  43  4:50  Refinery  
  43  4:52  SCV  
  44  4:53  Cyclone  
  44  4:55  SCV  
  44  4:59  Liberator  
  51  5:04  SCV, Command Center  
  53  5:07  SCV  
  53  5:16  SCV  
  54  5:24  SCV  
  54  5:28  Liberator  
  54  5:29  SCV  
  50  5:36  SCV  
  50  5:41  SCV  
  50  5:42  Viking  
  51  5:48  SCV, Marine  
  53  5:53  SCV  
  54  6:01  Barracks  
  54  6:03  Supply Depot  
  54  6:15  Viking  
  54  6:16  Cyclone, SCV x2  
  60  6:28  SCV x2  
  60  6:30  Viking  
  64  6:34  Starport  
  64  6:35  Starport  
  64  6:37  SCV, Barracks  
  65  6:40  SCV x2  
  65  6:45  Viking  
  67  6:49  SCV  
  67  6:50  Missile Turret  
  67  6:52  SCV x2  
  69  7:01  SCV  
  68  7:11  Viking  
  67  7:15  Viking  
  69  7:31  SCV x2  
  69  7:33  Barracks Tech Lab  
  69  7:34  Starport Tech Lab  
  69  7:35  Starport Tech Lab  
  71  7:37  Barracks Tech Lab  
  71  7:38  Barracks Tech Lab  
  71  7:41  Viking  
  71  7:43  SCV x2, Orbital Command  
  75  7:55  SCV x2  
  77  7:58  Combat Shield  
  77  8:04  Supply Depot x2  
  77  8:08  Supply Depot  
  77  8:11  Supply Depot, Missile Turret  
  77  8:19  Refinery x2  
  77  8:25  Marine x2  
  77  8:26  Marine, SCV x2  
  82  8:29  Cyclone  
  85  8:38  SCV x2  
  82  8:43  Marine x3  
  85  8:50  SCV x2  
  87  8:56  SCV  
  87  9:02  SCV x2  
  97  9:06  Fusion Core  
Tags
 
Add a new tag
Caveats
  • Supply blocks, unpowered buildings, or Contaminate may cause inaccurate times.
  • Supply counts are checked every 10 seconds.